 Dungeon Crawl Stone Soup version bcrawl-1.19.2-6-g6a88ae04c9 (webtiles) character file.

Game seed: 10758777531770339216

69 Mrkan the Insei (level 4, -1/34 HPs)
             Began as a Gnoll Transmuter on Dec 21, 2019.
             Succumbed to kobold's curare-tipped needle
             ... on level 2 of the Dungeon.
             The game lasted 00:02:28 (1586 turns).

Mrkan the Insei (Gnoll Transmuter)                  Turns: 1586, Time: 00:02:28

Health: -1/34      AC:  8    Str: 14    XL:     4   Next: 20%
Magic:  11/11      EV:  8    Int: 15    God:
Gold:   47         SH:  0    Dex: 15    Spells: 12/13 levels left

rFire    . . .     SeeInvis .     - Unarmed
rCold    . . .     Gourm    .   (no shield)
rNeg     . . .     Faith    .   c - +0 chain mail
rPois    .         Spirit   .   (no helmet)
rElec    .         Reflect  .   (no cloak)
rCorr    .         Harm     .   (no gloves)
MR       .....                  (no boots)
Stlth    ..........             (no amulet)
HPRegen  0.11/turn              (no ring)
MPRegen  0.12/turn              (no ring)

@: lethally poisoned (-1 -> -15), slowed, very slow
A: distributed training, fangs 1, strong nose
a: no special abilities


You were on level 2 of the Dungeon.
You were not hungry.

You visited 1 branch of the dungeon, and saw 2 of its levels.

You collected 47 gold pieces.

Inventory:

Missiles
 a - 120 arrows
Armour
 b - a +0 robe
 c - a +0 chain mail (worn)
Jewellery
 h - a +3 ring of evasion {unknown}
Scrolls
 g - a scroll of teleportation {unknown}
 j - 4 scrolls of remove curse {unknown}
 l - 4 scrolls of identify {unknown}
Potions
 d - a potion of resistance {unknown}
 e - a potion of cancellation {unknown}
 i - a potion of flight {unknown}
 k - a potion of berserk rage {unknown}
Comestibles
 f - 3 rations {!d}


   Skills:
 + Level 2.7 Fighting
 + Level 1.0 Short Blades
 + Level 1.0 Long Blades
 + Level 1.0 Axes
 + Level 1.0 Maces & Flails
 + Level 1.0 Polearms
 + Level 1.0 Staves
 + Level 1.0 Slings
 + Level 1.0 Bows
 + Level 1.0 Crossbows
 + Level 1.0 Throwing
 + Level 1.0 Armour
 + Level 4.6 Dodging
 + Level 1.0 Stealth
 + Level 1.0 Shields
 + Level 6.6 Unarmed Combat
 + Level 5.0 Spellcasting
 + Level 0.8 Conjurations
 + Level 0.8 Hexes
 + Level 0.8 Charms
 + Level 0.8 Summonings
 + Level 0.8 Necromancy
 + Level 0.8 Translocations
 + Level 3.8 Transmutations
 + Level 0.8 Fire Magic
 + Level 0.8 Ice Magic
 + Level 0.8 Air Magic
 + Level 0.8 Earth Magic
 + Level 0.8 Poison Magic
 + Level 1.1 Invocations
 + Level 1.0 Evocations


You had 12 spell levels left.
You knew the following spells:

 Your Spells              Type           Power        Failure   Level  Hunger
a - Beastly Appendage     Tmut           ###...       67%         1    None

Your spell library contained the following spells:

 Spells                   Type           Power        Failure   Level  Hunger
 Sticks to Snakes         Tmut           ###.....     82%         2    ##.....
 Spider Form              Tmut/Pois      ##.          99%         3    ###....
 Ice Form                 Ice/Tmut       ##......     100%        4    ####...
 Blade Hands              Tmut           ###.......   100%        5    ######.


Dungeon Overview and Level Annotations

Branches:
Dungeon (2/12)

Altars:


Innate Abilities, Weirdness & Mutations

Your experience applies equally to all skills.
You have very sharp teeth.
Your uncanny sense of smell can sniff out nearby items.


Message History

You kill the quokka!
The kobold shoots a curare-tipped needle.
The curare-tipped needle hits you.
You are lethally poisoned!
You have difficulty breathing.
* * * LOW HITPOINT WARNING * * *
You feel yourself slow down.
* * * LOW HITPOINT WARNING * * *
You feel very sick.
The kobold unwields a +0 blowgun.
The kobold hits you.
* * * LOW HITPOINT WARNING * * *
You punch the kobold!
You kill the kobold!
* * * LOW HITPOINT WARNING * * *
You feel sick. The bat barely misses you.
* * * LOW HITPOINT WARNING * * *
You feel sick. The bat barely misses you.
Things that are here:
a +0 blowgun; 3 curare-tipped needles; a kobold corpse You die...

#....#######
##>.)....))..#.# ######
#.##.######...# #.##.#
#..## ##########.##.#
#..# ...........##.#
#..### (....(....###.#
##.... .........# #.#
##.###
.........####.######..#
......†.@).........#.####
......b..####...##.......
.........# ###.####.####
..)......# #.##..<#
########## #....###
######


You could see a bat.

Vanquished Creatures
  An adder (D:2)
  An ooze (D:2)
  2 worms (D:2)
  A dart slug (D:2)
  2 leopard geckos
  A giant cockroach (D:2)
  A goblin (D:2)
  7 hobgoblins
  8 jackals (D:2)
  4 quokkas (D:2)
  3 bats
  A frilled lizard (D:2)
  5 kobolds
  3 rats (D:2)
40 creatures vanquished.

Notes
Turn   | Place    | Note
-------+----------+-------------------------------------------
     0 | D:1      | Mrkan the Gnoll Transmuter began the quest for the Orb.
     0 | D:1      | Reached XP level 1. HP: 17/17 MP: 6/6
   469 | D:1      | Reached XP level 2. HP: 23/23 MP: 7/7
   916 | D:2      | Reached XP level 3. HP: 22/28 MP: 9/9
   924 | D:2      | Reached skill level 5 in Spellcasting
  1160 | D:2      | Reached skill level 1 in Invocations
  1182 | D:2      | HP: 1/28 [poisoned by an adder]
  1190 | D:2      | Reached skill level 1 in Short Blades
  1190 | D:2      | Reached skill level 1 in Long Blades
  1190 | D:2      | Reached skill level 1 in Axes
  1190 | D:2      | Reached skill level 1 in Maces & Flails
  1190 | D:2      | Reached skill level 1 in Polearms
  1190 | D:2      | Reached skill level 1 in Staves
  1190 | D:2      | Reached skill level 1 in Slings
  1190 | D:2      | Reached skill level 1 in Bows
  1190 | D:2      | Reached skill level 1 in Crossbows
  1190 | D:2      | Reached skill level 1 in Throwing
  1190 | D:2      | Reached skill level 1 in Armour
  1190 | D:2      | Reached skill level 1 in Stealth
  1190 | D:2      | Reached skill level 1 in Shields
  1190 | D:2      | Reached skill level 1 in Evocations
  1192 | D:2      | Reached XP level 4. HP: 17/34 MP: 11/11
  1585 | D:2      | HP: 1/34 [poisoned by kobold (curare-tipped needle)]
  1586 | D:2      | Succumbed to kobold's curare-tipped needle

Skill      XL: |  1  2  3 |
---------------+----------+-----
Spellcasting   | 5 |  5.0
Invocations    | 1 |  1.1
Short Blades   | 1 |  1.0
Long Blades    | 1 |  1.0
Axes           | 1 |  1.0
Maces & Flails | 1 |  1.0
Polearms       | 1 |  1.0
Staves         | 1 |  1.0
Slings         | 1 |  1.0
Bows           | 1 |  1.0
Crossbows      | 1 |  1.0
Throwing       | 1 |  1.0
Armour         | 1 |  1.0
Stealth        | 1 |  1.0
Shields        | 1 |  1.0
Evocations     | 1 |  1.0
Fighting       | |  2.7
Dodging        | |  4.6
Unarmed Combat | |  6.6
Conjurations   | |  0.8
Hexes          | |  0.8
Charms         | |  0.8
Summonings     | |  0.8
Necromancy     | |  0.8
Translocations | |  0.8
Transmutations | |  3.8
Fire Magic     | |  0.8
Ice Magic      | |  0.8
Air Magic      | |  0.8
Earth Magic    | |  0.8
Poison Magic   | |  0.8

Action                   |  1- 3 |  4- 6 || total
-------------------------+-------+-------++-------
Melee: Unarmed           |   124 |    18 ||   142
       Punch             |     2 |       ||     2
       Headbutt          |     1 |       ||     1
       Bite              |     6 |     1 ||     7
 Cast: Beastly Appendage |     3 |       ||     3
  Use: Potion            |     2 |       ||     2
  Eat: Chunk             |     1 |     1 ||     2
Armor: Chain mail        |    85 |    12 ||    97
       Skin              |     6 |     5 ||    11
Dodge: Dodged            |    48 |    13 ||    61
